 Dungeon Crawl Stone Soup version 0.24.0-29-g8ce449bc06 (console) character file.

Game seed: 17440223518975157838, levelgen mode: deterministic

1280 AlterAsc the Insei (level 8, -1/64 HPs)
             Began as an Octopode Transmuter on Nov 16, 2019.
             Was a Follower of Sif Muna.
             Slain by a bullfrog (8 damage)
             ... on level 6 of the Dungeon.
             The game lasted 00:23:46 (7426 turns).

AlterAsc the Insei (Octopode Transmuter)            Turns: 7426, Time: 00:23:47

Health: -1/64      AC:  5    Str: 11    XL:     8   Next: 54%
Magic:  12/14      EV: 10    Int: 16    God:    Sif Muna [*.....]
Gold:   314        SH:  0    Dex: 12    Spells: 5/15 levels left

rFire    x . .     SeeInvis .     - Unarmed
rCold    + + +     Gourm    .   (shield currently unavailable)
rNeg     . . .     Faith    +   (helmet currently unavailable)
rPois    +         Spirit   .   h - amulet of faith
rElec    .         Reflect  .   o - ring of poison resistance
rCorr    .         Harm     .   r - ring of flight
MR       .....                  (no ring)
Stlth    +.........             (no ring)
HPRegen  0.20/turn              (no ring)
MPRegen  0.14/turn              (no ring)
                                (no ring)
                                (no ring)

@: ice-form (expiring), very slightly contaminated, drained
A: large, almost no armour, stealthy swim, amphibious, 8 rings, (constrict 8)
a: End Transformation, Channel Magic, Renounce Religion, Evoke Flight


You were on level 6 of the Dungeon.
You worshipped Sif Muna.
Sif Muna was aware of your devotion.
You were hungry.
You were a creature of crystalline ice.
You visited 2 branches of the dungeon, and saw 7 of its levels.

You collected 344 gold pieces.
You spent 30 gold pieces at shops.

Inventory:

Missiles
 a - 99 arrows
 k - 2 atropa-tipped darts (quivered)
 u - 3 silver javelins
Jewellery
 h - an amulet of faith (around neck)
 o - a ring of poison resistance (left front paw)
 r - a ring of flight (right front paw)
Wands
 b - a wand of polymorph (11)
 m - a wand of paralysis (13)
 y - a wand of acid (8)
Scrolls
 e - 3 scrolls of enchant armour
 f - a scroll of magic mapping
 i - 2 scrolls of amnesia
 j - 7 scrolls of remove curse
 l - a scroll of blinking {unknown}
 p - 4 scrolls of teleportation
 t - a scroll of fog {unknown}
 x - 2 scrolls of enchant weapon {unknown}
 z - a scroll of identify
Potions
 d - 2 potions of brilliance
 g - 2 potions of heal wounds
 n - a potion of ambrosia
 q - 3 potions of agility
 s - 3 potions of curing
 v - a potion of resistance {unknown}
 w - a potion of haste {unknown}
 A - a potion of flight {unknown}
Comestibles
 c - 7 rations


   Skills:
 + Level 4.0(3.2) Fighting
 - Level 2.0(1.2) Dodging
 * Level 6.2(5.3) Unarmed Combat
 + Level 4.0(3.1) Spellcasting
 * Level 5.7(4.8) Transmutations
 + Level 2.6(1.8) Ice Magic


You had 5 spell levels left.
You knew the following spells:

 Your Spells              Type           Power        Failure   Level  Hunger
a - Beastly Appendage     Tmut           ###...       2%          1    None
b - Sticks to Snakes      Tmut           ###.....     3%          2    ##.....
c - Spider Form           Tmut/Pois      ##........   21%         3    ###....
d - Ice Form              Ice/Tmut       ##......     43%         4    ####...

Your spell library contained the following spells:

 Spells                   Type           Power        Failure   Level  Hunger
 Blade Hands              Tmut           ###.......   56%         5    ######.


Dungeon Overview and Level Annotations

Branches:
Dungeon (6/15)             Temple (1/1) D:5

Altars:
Ashenzari
Cheibriados
Dithmenos
Elyvilon
Fedhas
Gozag
Hepliaklqana
Kikubaaqudgha
Makhleb
Nemelex Xobeh
Okawaru
Qazlal
Sif Muna
Trog
Uskayaw
Xom
Zin
The Shining One

Shops:
D:5 !


Innate Abilities, Weirdness & Mutations

You cannot wear most types of armour.
You are very stealthy in the water. (Stealth+)
You are amphibious.
You can wear up to eight rings at the same time.
((You can use your tentacles to constrict eight enemies at once.))
((Your skin changes colour to match your surroundings (Stealth+).))
((Your rubbery body absorbs attacks. (AC +1, EV +1)))


Message History

You can drink potions again.
You are feeling hungry.
A bullfrog is nearby!
The bullfrog gives a loud, deep croak!
The bullfrog barely misses you.
You are too injured to fight recklessly!
You are too injured to fight recklessly!
You are too injured to fight recklessly!
You barely miss the bullfrog. The bullfrog hits you.
The bullfrog barely misses you.
You barely miss the bullfrog.
Your transformation is almost over.
The bullfrog hits you!
* * * LOW HITPOINT WARNING * * *
You closely miss the bullfrog. The bullfrog hits you.
* * * LOW HITPOINT WARNING * * *
You barely miss the bullfrog. The bullfrog hits you.
* * * LOW HITPOINT WARNING * * *
The bullfrog hits you!
You die...

*,,**,,,,....##...## *,,..
#............*##...###,,..
##.......*,#.,**##.###.,,##
#........***,,,*#..###..,..
#.......,***,,#*##...#.,##.
#.......***...#.###....*#..
##......###*............##..
*#.........###.....#.##.#....
**...........YF.......##......
*,...............#....#...#.#.
**.............###...###.####.
**..##.........##........# #.
*,...........#.........### *#.
*,..........##........##.###..
*,..##....####.......(..z..##.
**.#*#.................###..#.
*** #...##...........###...#.


You could see a bullfrog.

Vanquished Creatures
  2 phantoms
  An ogre (D:6)
  2 centaurs (D:5)
  2 bullfrogs (D:6)
  5 howler monkeys
  3 crimson imps
  3 hounds
  2 iguanas
  3 worker ants (D:4)
  3 gnolls (D:4)
  6 adders
  4 oozes
  4 worms
  5 dart slugs
  7 leopard geckos
  7 orcs
  2 ball pythons
  9 bats
  4 giant cockroaches
  9 goblins
  11 hobgoblins
  11 jackals
  2 kobolds
  2 quokkas (D:5)
  2 frilled lizards
  A jackal skeleton (D:5)
  A leopard gecko skeleton (D:4)
  A quokka skeleton (D:4)
  2 quokka zombies (D:5)
  5 rats
121 creatures vanquished.

Notes
Turn   | Place    | Note
-------+----------+-------------------------------------------
     0 | D:1      | AlterAsc the Octopode Transmuter began the quest for the
                  | Orb.
     0 | D:1      | Reached XP level 1. HP: 13/13 MP: 3/3
   210 | D:1      | Reached XP level 2. HP: 1/18 MP: 5/5
   594 | D:1      | Learned a level 2 spell: Sticks to Snakes
   979 | D:2      | Reached XP level 3. HP: 22/23 MP: 1/6
  1455 | D:2      | Learned a level 3 spell: Spider Form
  1759 | D:2      | Reached XP level 4. HP: 28/29 MP: 4/7
  2773 | D:3      | You fall into a shaft and drop 1 floor!
  2841 | D:3      | Reached XP level 5. HP: 28/34 MP: 6/8
  3141 | D:4      | Reached skill level 4 in Unarmed Combat
  3204 | D:4      | Found an ancient bone altar of Kikubaaqudgha.
  3269 | D:4      | Found Ezuobe's General Store.
  3271 | D:4      | Noticed a phantom
  3310 | D:4      | Killed a phantom
  3310 | D:4      | Reached XP level 6. HP: 19/41 MP: 3/10
  3508 | D:4      | Learned a level 4 spell: Ice Form
  4683 | D:4      | Reached skill level 1 in Ice Magic
  4683 | D:4      | Reached XP level 7. HP: 39/46 MP: 11/11
  4751 | D:5      | Entered Level 5 of the Dungeon
  4795 | D:5      | Reached skill level 5 in Unarmed Combat
  4842 | D:5      | Found a shadowy altar of Dithmenos.
  4842 | D:5      | Found a glowing silver altar of Zin.
  4877 | D:5      | Found a staircase to the Ecumenical Temple.
  4905 | Temple   | Entered the Ecumenical Temple
  5119 | Temple   | Became a worshipper of Sif Muna the Loreminder
  5922 | D:5      | Found Qoudutin's Distillery.
  5930 | D:5      | Bought a potion of curing for 30 gold pieces
  6035 | D:5      | Reached skill level 5 in Transmutations
  6469 | D:5      | Reached XP level 8. HP: 42/52 MP: 13/13
  6684 | D:6      | Reached * piety under Sif Muna
  7018 | D:6      | Reached skill level 6 in Unarmed Combat
  7387 | D:6      | Found a glowing drain.
  7426 | D:6      | Slain by a bullfrog

Levels and vault maps discovered:
D:1:      arrival_zaba_pyramid, layout_loops_ring
D:2:      layout_loops_cross
D:3:      layout_basic, kennysheep_big_empty_room
D:4:      minmay_chambers_of_twos, layout_loops_cross,
          lemuel_coloured_pillars_altar, serial_shops, shop
D:5:      layout_gridville, gammafunk_temple_overflow_elements, temple_statues,
          first_ration, serial_shops, shop, roderic_three_in_a_row, hex_medium,
          minmay_misc_feat_five, roderic_filled_cross
D:6:      layout_cave_pools, portal_sewer_entry_c
Temple:   regret_index_temple_generic_petals

Skill      XL: |  1  2  3  4  5  6  7  8 |
---------------+-------------------------+-----
Fighting       | 2 3 4 |  4.0
Transmutations | 3 4 5 |  5.7
Unarmed Combat | 4 5 6 |  6.2
Spellcasting   | 3 4 |  4.0
Ice Magic      | 1 2 |  2.6
Dodging        | |  2.0

Action                   |  1- 3 |  4- 6 |  7- 9 || total
-------------------------+-------+-------+-------++-------
Melee: Unarmed           |    79 |   144 |   126 ||   349
       Constrict         |    22 |    25 |    16 ||    63
       Tentacles         |    13 |     7 |    12 ||    32
       Kick              |    16 |    13 |       ||    29
       Punch             |       |     3 |     1 ||     4
Throw: Dart              |       |     4 |       ||     4
       Javelin           |       |     3 |       ||     3
 Cast: Beastly Appendage |    25 |    17 |       ||    42
       Spider Form       |       |    10 |     8 ||    18
       Ice Form          |       |       |     4 ||     4
 Abil: End Transformatio |       |     1 |       ||     1
  Use: Scroll            |       |     8 |     2 ||    10
       Potion            |       |     1 |       ||     1
 Stab: Sleeping          |     5 |     5 |       ||    10
       Distracted        |       |       |     1 ||     1
  Eat: Chunk             |     3 |     8 |    10 ||    21
       Ration            |       |     1 |       ||     1
Armor: Skin              |     4 |    15 |    10 ||    29
Dodge: Dodged            |    39 |    98 |    83 ||   220
